 Dungeon Crawl Stone Soup version 0.29-a0-1019-g84f7d21838 (webtiles) character file.

Game seed: 18291941692870766077

225 Sobieck the Cutter (level 6, -3/39 HPs)
             Began as a Kobold Berserker on Aug 11, 2022.
             Was a Priest of Trog.
             Splashed by a jelly's acid (10 damage)
             ... on level 5 of the Dungeon.
             The game lasted 00:07:24 (4722 turns).

Sobieck the Cutter (Kobold Berserker)               Turns: 4722, Time: 00:07:25

Health: -3/39      AC: -6    Str: 14    XL:     6   Next: 21%
Magic:  6/6        EV: 15    Int:  8    God:    Trog [***...]
Gold:   206        SH:  0    Dex: 17    Spells: 5/5 levels left

rFire   . . .      SeeInvis .   a - +4 short sword (speed) {short}
rCold   . . .      Faith    .   (no shield)
rNeg    . . .      Spirit   .   x - +0 leather armour {Will+}
rPois   .          Reflect  .   E - +1 hat
rElec   .          Harm     .   z - scarf {repulsion}
rCorr   .          Rampage  .   p - +0 pair of gloves
Will    ++...                   (no boots)
Stlth   +++.......              v - amulet of regeneration {@e2}
HPRegen 0.93/turn               c - ring of willpower
MPRegen 0.10/turn               (no ring)

@: corroded, repel missiles
A: small, no large weapons, nightstalker 3
a: Renounce Religion, Berserk, Trog's Hand


You were on level 5 of the Dungeon.
You worshipped Trog.
Trog was most pleased with you.
You visited 1 branch of the dungeon, and saw 5 of its levels.

You collected 206 gold pieces.


Innate Abilities, Weirdness & Mutations

You are small and have problems with some larger weapons.
You are completely attuned to the shadows.


   Skills:
 + Level 4.3 Fighting
 * Level 6.2 Short Blades
 - Level 1.5 Armour
 + Level 3.8 Dodging
 + Level 3.2 Stealth


You had 5 spell levels left.
You didn't know any spells.
Your spell library contained the following spells:

 Spells                   Type           Power      Damage    Failure   Level
 Sandblast                Erth           0%         2d4       47%         1
 Summon Small Mammal      Summ           0%         N/A       47%         1
 Ensorcelled Hibernation  Hex/Ice        0%         N/A       63%         2
 Passwall                 Tmut/Erth      0%         N/A       63%         2
 Call Canine Familiar     Summ           0%         N/A       85%         3
 Stone Arrow              Conj/Erth      0%         3d7       85%         3
 Summon Guardian Golem    Hex/Summ       0%         N/A       85%         3
 Swiftness                Air            0%         N/A       85%         3

Inventory:

Hand Weapons
 a - a +4 short sword of speed (weapon) {short}
   (You took it off a kobold on level 1 of the Dungeon)
 f - a +0 short sword {short}
 A - a +2 sling of flaming
   (You took it off a goblin on level 4 of the Dungeon)
Missiles
 g - 58 stones (quivered) {throwing}
 l - 2 poisoned darts {throwing}
Armour
 b - a +0 animal skin
 d - a +0 ring mail
   (You found it on level 1 of the Dungeon)
 h - a +0 leather armour
   (You found it on level 3 of the Dungeon)
 k - a +0 scale mail
   (You found it on level 3 of the Dungeon)
 o - a +0 leather armour
   (You found it on level 3 of the Dungeon)
 p - a +0 pair of gloves (worn)
   (You found it on level 2 of the Dungeon)
 r - a +0 leather armour
   (You took it off a kobold on level 2 of the Dungeon)
 u - a +0 ring mail
   (You found it on level 4 of the Dungeon)
 w - a +0 robe
   (You took it off an orc on level 4 of the Dungeon)
 x - a +0 leather armour of willpower (worn)
   (You found it on level 4 of the Dungeon)
 y - a +0 ring mail
   (You took it off an orc on level 4 of the Dungeon)
 z - a scarf of repulsion (worn)
   (You found it on level 4 of the Dungeon)
 E - a +1 hat (worn)
   (You found it on level 4 of the Dungeon)
 H - a +0 leather armour
   (You found it on level 4 of the Dungeon)
 J - a +0 robe
   (You found it on level 5 of the Dungeon)
Jewellery
 c - a ring of willpower (left hand)
   (You found it on level 3 of the Dungeon)
 v - an amulet of regeneration (around neck) {@e2}
   (You found it on level 4 of the Dungeon)
Wands
 n - a wand of flame (23)
   (You found it on level 2 of the Dungeon)
Scrolls
 s - 2 scrolls of enchant armour {unknown}
 t - a scroll of fear
 D - a scroll of amnesia {unknown}
 F - 2 scrolls of teleportation {unknown}
 I - 2 scrolls of identify {@r1}
 K - 2 scrolls of poison {!r}
Potions
 e - a potion of degeneration {unknown}
 i - 2 potions of flight {unknown}
 j - 2 potions of haste {@q3}
 m - 2 potions of curing {unknown}
 q - 3 potions of attraction {!q}
 B - 2 potions of might {unknown}
 C - a potion of mutation {unknown}
 G - a potion of heal wounds {unknown}

Dungeon Overview and Level Annotations

Branches:
Dungeon (5/15) Zot: 25345
 Temple: D:4-7

Altars:
Hepliaklqana
Kikubaaqudgha
Nemelex Xobeh
Trog
Wu Jian

Shops:
D:4

* . #s ... .##O o #..
#.##. ..###.. .# #..#
#.##.# #.#)..#.# #..#
#.##.# ##.###..#
#..###..#.####.....##g#
#.........n......#.# .#
##.####..J#####....###..
#.#.....@..# #.###...#
#.#.###..#.# #.###.#.#
#.#.##...#.# #..##...###
#.#.##.#>#.#
#...........
#.#.##.#.#.#
#.#...######
#.#.##.#.#.#
#....#######
#.#.##.#.#.#
###.........
#.#.##.#.#.# #########.
#.#.##.#.#.# #.


You could see a necrophage and a jelly.


Message History

Unknown command.
Unknown command.
There is an open door here.
A dart slug comes into view.
Danger!
The dart slug launches a dart at you. The slug dart hits you.
The dart slug bites you.
You hit the dart slug. You hit the dart slug.
You kill the dart slug!
Trog accepts your kill.
No target in view!
No target in view!
I - a scroll of identify {@r1} Unknown command.
Found a bloodstained altar of Trog.
Unknown command.
No target in view!
An iguana comes into view.
Danger!
The iguana hisses angrily.
You hit the iguana but do no damage. The iguana bites you.
You closely miss the iguana. You hit the iguana. The iguana closely misses you.
You hit the iguana. You hit the iguana but do no damage.
The iguana bites you but does no damage.
You completely miss the iguana. You hit the iguana.
The iguana hisses menacingly.
The iguana bites you.
You hit the iguana. You hit the iguana. The iguana barely misses you.
You hit the iguana.
You kill the iguana!
Trog accepts your kill.
No target in view!
An endoplasm comes into view.
Danger!
The helpless endoplasm fails to defend itself.
You impale the endoplasm!!
You kill the endoplasm!
Trog accepts your kill.
Unknown command.
Okay, then.
Unknown command.
You see here 5 javelins {throwing}.
You enter the shallow water.
Moving in this stuff is going to be slow.
You enter the shallow water.
Moving in this stuff is going to be slow.
Done exploring.
Unknown command.
You enter the shallow water.
Moving in this stuff is going to be slow.
You enter the shallow water.
Moving in this stuff is going to be slow.
You enter the shallow water.
Moving in this stuff is going to be slow.
There is a stone staircase leading down here.
You climb downwards.
Found a stone staircase leading down.
There is a stone staircase leading up here.
Unknown command.
Unknown command.
There is a stone staircase leading down here.
J - a +0 robe
There is a stone staircase leading down here.
There is a stone staircase leading down here.
I - 2 scrolls of identify {@r1} (gained 1)
K - 2 scrolls of poison {!r} Unknown command.
g - 58 stones {throwing} (gained 4)
A necrophage comes into view.
Danger!
An ogre and a jelly come into view.
A scorpion, a gnoll and an orc come into view.
The jelly quivers.
The jelly hits you. The acid corrodes you!
You are splashed with acid!
Unknown command.
The jelly attacks as you move away! The jelly hits you. The acid corrodes you!
You are splashed with acid!
* * * LOW HITPOINT WARNING * * *
The jelly jiggles.
Unknown command.
The jelly attacks as you move away! The jelly hits you. The acid corrodes you!
You are splashed with acid!
* * * LOW HITPOINT WARNING * * *
The jelly attacks as you move away! The jelly hits you.
* * * LOW HITPOINT WARNING * * *
You are splashed with acid!
* * * LOW HITPOINT WARNING * * *
Unknown command.
There is a stone staircase leading up here.
Unknown command.
The jelly hits you.
* * * LOW HITPOINT WARNING * * *
The acid corrodes you!
You are splashed with acid!
You die...

Skill      XL: |  1  2  3  4  5 |
---------------+----------------+-----
Stealth        | 1 2 3 |  3.2
Dodging        | 3 |  3.8
Short Blades   | 5 6 |  6.2
Fighting       | 4 |  4.3
Armour         | |  1.5

Action                   |  1- 3 |  4- 6 || total
-------------------------+-------+-------++-------
Melee: Short sword       |    66 |   142 ||   208
       Punch             |     1 |       ||     1
Invok: Berserk           |     1 |       ||     1
  Use: Scroll            |       |     8 ||     8
 Stab: Sleeping          |    14 |    21 ||    35
       Distracted        |       |     3 ||     3
Armor: Animal skin       |     7 |     5 ||    12
       Leather armour    |       |     7 ||     7
Dodge: Dodged            |    27 |    54 ||    81

Levels and vault maps discovered:
D:1:      eino_arrival_water_star, layout_loops_corners,
          minmay_misc_feat_hallway, minmay_tetromino_l2
D:2:      layout_basic
D:3:      layout_rooms, marbit_many_paths, lemuel_coloured_pillars_altar,
          serial_glass, glass_columns_a, glass_columns_c
D:4:      corexii_shack_village, layout_loops_corners,
          nicolae_hepliaklqana_hippocampus, nemelex_dance_club_becter,
          trog_three_pillars_becter, nicolae_shop_fire_sale
          [nicolae_sub_dead_trees], serial_bayou_lagoon_a, minivault_26
D:5:      layout_basic, minmay_starry_boxes

Notes
Turn   | Place    | Note
-------+----------+-------------------------------------------
     0 | D:1      | Sobieck the Kobold Berserker began the quest for the Orb.
     0 | D:1      | Reached XP level 1. HP: 14/14 MP: 1/1
   363 | D:1      | Reached XP level 2. HP: 19/19 MP: 2/2
   370 | D:1      | Reached skill level 1 in Stealth
   968 | D:1      | Reached XP level 3. HP: 23/23 MP: 3/3
  1535 | D:2      | You pick up a book of Burglary {forbidden} and begin
                  | reading...
  1535 | D:2      | You add the spells Passwall, Ensorcelled Hibernation and
                  | Swiftness to your library.
  1699 | D:2      | Reached skill level 3 in Dodging
  1758 | D:2      | Reached skill level 5 in Short Blades
  1758 | D:2      | Reached XP level 4. HP: 29/29 MP: 4/4
  1766 | D:2      | Reached ** piety under Trog
  1840 | D:2      | Reached skill level 2 in Stealth
  2733 | D:3      | Found an ancient bone altar of Kikubaaqudgha.
  2839 | D:3      | Reached XP level 5. HP: 22/33 MP: 5/5
  3084 | D:3      | Found an ornate altar of the Wu Jian Council.
  3444 | D:4      | Reached skill level 4 in Fighting
  3451 | D:4      | You pick up a book of Geomancy {forbidden} and begin
                  | reading...
  3451 | D:4      | You add the spells Sandblast and Stone Arrow to your
                  | library.
  3456 | D:4      | You pick up a book of Callings {forbidden} and begin
                  | reading...
  3456 | D:4      | You add the spells Summon Small Mammal, Call Canine
                  | Familiar and Summon Guardian Golem to your library.
  3471 | D:4      | Reached *** piety under Trog
  3779 | D:4      | Found Tugoxtu's Fire Supplies.
  3923 | D:4      | Found a hazy altar of Hepliaklqana.
  4047 | D:4      | Found a sparkling altar of Nemelex Xobeh.
  4140 | D:4      | Reached skill level 6 in Short Blades
  4140 | D:4      | Reached skill level 3 in Stealth
  4140 | D:4      | Reached XP level 6. HP: 38/38 MP: 6/6
  4173 | D:4      | Found a bloodstained altar of Trog.
  4505 | D:5      | Entered Level 5 of the Dungeon
  4709 | D:5      | Noticed an ogre
  4720 | D:5      | HP: 7/39 [acid (8)]
  4722 | D:5      | Splashed by a jelly's acid

Vanquished Creatures
  A jelly (D:4)
  An iguana (D:4)
  6 adders
  A gnoll (D:4)
  2 worms (D:2)
  A dart slug (D:4)
  4 orcs (D:4)
  6 bats
  11 endoplasms
  A giant cockroach (D:3)
  6 goblins
  9 hobgoblins
  2 jackals (D:4)
  3 quokkas
  11 ball pythons
  5 frilled lizards
  11 kobolds
  4 rats
85 creatures vanquished.

Vanquished Creatures (others)
  48 plants (D:4)
48 creatures vanquished.

Grand Total: 133 creatures vanquished

Table legend:
 A = Non-vault XP
 B = Vault XP
 C = Vault XP percentage of total XP
 D = Non-vault monster count
 E = Vault monster count
 F = Vault count percentage of total count
                 A         B        C        D         E       F
            +---------+---------+-------+---------+---------+-------
      Total |     299 |      23 |   7.1 |      74 |      11 |  12.9
            +---------+---------+-------+---------+---------+-------
        D:1 |      28 |       1 |   3.4 |      16 |       1 |   5.9
        D:2 |      88 |       0 |   0.0 |      28 |       0 |   0.0
        D:3 |      35 |       1 |   2.8 |      15 |       1 |   6.2
        D:4 |     148 |      21 |  12.4 |      15 |       9 |  37.5
            +---------+---------+-------+---------+---------+-------

Illustrated notes

Table legend:
 A = Kills in this place as a percentage of kills in entire the game.
 B = Kills by you in this place as a percentage of kills by you in the entire game.
 C = Kills by friends in this place as a percentage of kills by friends in the entire game.
 D = Other kills in this place as a percentage of other kills in the entire game.
 E = Experience gained in this place as a percentage of experience gained in the entire game.
 F = Experience gained in this place divided by the number of levels of this place that you have seen.
                   A       B       C       D       E      F
               +-------+-------+-------+-------+-------+----------------------
         Total | 100.0 | 100.0 |   N/A |   N/A | 100.0 |  64.4
       Dungeon | 100.0 | 100.0 |   N/A |   N/A | 100.0 |  64.4
               +-------+-------+-------+-------+-------+----------------------

Table legend: (Time is in decaauts)
 A = Elapsed time spent in this place.
 B = Non-inter-level travel time spent in this place.
 C = Inter-level travel time spent in this place.
 D = Time resting spent in this place.
 E = Time spent auto-exploring this place.
 F = Levels seen in this place.
 G = Mean time per level.
                   A        B        C        D        E       F      G
               +--------+--------+--------+--------+--------+-----+--------+
         Total |   4653 |   4586 |     67 |    479 |   3592 |   5 |  930.6 |
       Dungeon |   4653 |   4586 |     67 |    479 |   3592 |   5 |  930.6 |
               +--------+--------+--------+--------+--------+-----+--------+

Top non-repeatable levels by time:
     D:2: 1273 daAuts
     D:1: 1259 daAuts
     D:4: 1197 daAuts
     D:3: 706 daAuts
     D:5: 216 daAuts
